AoeStats
← 钠呐纳卡姆

Lombardia

508392460Analyzed
4v4 RM · 9d ago on Sep 22, 2026· 27m 27s· 8 players
Game mode
Random Map
Map size
Large (8 player)
Population
200
Speed
Normal
Resources
Standard
Victory
Conquest
Starting age
Dark Age
Ending age
Imperial Age
RankedLock teamsTeams togetherTeam positionsShared explorationLock speedFull tech treeHidden civsTurbo modeCheats
Victory
Defeat
🇯🇵 Khmer · Japan
1012
+14
🇹🇼 Japanese · Taiwan
997
+15
🇸🇪 Mongols · Sweden
967
+40
🇫🇷 Huns · France
875
+19
🇹🇼 Hindustanis · Taiwan
1021
-19
🇨🇳 Mongols · China
974
-16
🇨🇳 Hindustanis · China
935
-15
🇨🇳 Dravidians · China
919
-14
Danny chan
11:47 Feudal Age
13:08 Loom
22:13 Castle Age
20:04 Horse Collar
jason916802
12:18 Feudal Age
17:27 Castle Age
16:33 Scale Mail Armor
16:49 Loom
18:59 Double-Bit Axe
18:59 Horse Collar
20:27 Heavy Plow
21:23 Bow Saw
23:05 Gold Mining
23:26 Stone Mining
JOE
0:30 Loom
13:14 Feudal Age
钠呐纳卡姆
10:31 Feudal Age
15:10 Castle Age
13:40 Loom
farigs4
11:07 Feudal Age
12:32 Wheelbarrow
11:43 Loom
12:32 Double-Bit Axe
18:46 Stone Mining
21:14 Castle Age
19:54 Horse Collar
20:22 Gold Mining
21:04 Forging
21:26 Scale Barding Armor
23:38 Bow Saw
23:30 Loom
25:00 Hand Cart
27:22 Marauders
Hunden
6:38 Loom
8:57 Feudal Age
9:39 Double-Bit Axe
12:34 Scale Barding Armor
15:06 Horse Collar
23:11 Castle Age
21:57 Bloodlines
22:46 Forging
23:18 Light Cavalry
24:19 Bow Saw
24:16 Husbandry
Tamejirou
6:19 Loom
9:53 Feudal Age
10:46 Double-Bit Axe
12:35 Horse Collar
14:39 Wheelbarrow
21:20 Castle Age
19:55 Scale Barding Armor
20:14 Bloodlines
20:52 Forging
21:27 Gold Mining
22:19 Husbandry
25:11 Light Cavalry
28:25 Gold Shaft Mining
NaCl
12:43 Feudal Age
11:00 Loom
16:43 Double-Bit Axe
20:26 Castle Age
19:01 Fletching
21:15 Bodkin Arrow
24:32 Gold Mining
25:38 Ballistics
27:04 Guard Tower
27:12 Murder Holes
Connection lost

Rejoining the realm…

Still unreachable

The connection could not be restored.

Session expired

The server has moved on; the page needs a fresh start.